 Dungeon Crawl Stone Soup version 0.22.0-49-gab54619674 (webtiles) character file.

48189 Gaplan the Fencer (level 14, 0/129 HPs)
             Began as a Minotaur Gladiator on Sept 7, 2018.
             Was the Champion of Okawaru.
             Slain by a swamp worm (10 damage)
             ... on level 1 of the Swamp.
             The game lasted 01:04:20 (26716 turns).

Gaplan the Fencer (Minotaur Gladiator)             Turns: 26716, Time: 01:04:20

Health: 0/129      AC: 20    Str: 22      XL:     14   Next: 11%
Magic:  0/32       EV: 24    Int:  5      God:    Okawaru [******]
Gold:   1488       SH: 10    Dex: 18 (19) Spells: 13/13 levels left

rFire    . . .     SeeInvis .   q - +6 falchion (elec)
rCold    . . .     Gourm    .   R - +2 buckler
rNeg     . . .     Faith    .   Z - +2 ring mail {rPois}
rPois    +         Spirit   +   c - +2 hat
rElec    .         Reflect  .   (no cloak)
rCorr    .         Harm     .   C - +1 pair of gloves {archery}
MR       +....     Clarity  +   J - +2 pair of boots
Stlth    ++........             G - amulet of guardian spirit
HPRegen  0.31/turn              j - ring of magical power
MPRegen  0.23/turn              x - ring of magical power

@: agile, flying
A: retaliatory headbutt, horns 2, slimy green scales 1, clarity, deterioration 1
a: Heroism, Finesse, Renounce Religion


You were on level 1 of the Swamp.
You worshipped Okawaru.
Okawaru was exalted by your worship.
You were not hungry.

You visited 4 branches of the dungeon, and saw 17 of its levels.
You also visited: Ossuary.

You collected 1669 gold pieces.
You spent 181 gold pieces at shops.

Inventory:

Hand Weapons
 a - a +0 long sword
 q - a +6 falchion of electrocution (weapon)
 B - a +3 long sword of freezing
 Q - a +2 falchion of protection
Missiles
 d - 4 throwing nets (quivered)
Armour
 c - a +2 hat (worn)
 C - a +1 pair of gloves of archery (worn)
 F - a scarf of repulsion
 J - a +2 pair of boots (worn)
 R - a +2 buckler (worn)
 Z - a +2 ring mail of poison resistance (worn)
Jewellery
 i - an uncursed ring of ice
 j - a ring of magical power (left hand)
 x - a ring of magical power (right hand)
 E - a +6 amulet of reflection
 G - an amulet of guardian spirit (around neck)
 O - an uncursed ring of wizardry
 S - a +4 ring of dexterity
 U - an uncursed ring of poison resistance
 V - an uncursed ring of ice
Wands
 g - a wand of polymorph (6)
 m - a wand of acid (11)
 r - a wand of enslavement (12)
 D - a wand of digging (21)
 I - a wand of random effects (52)
 P - a wand of flame (17)
 X - a wand of paralysis (12)
Scrolls
 b - a scroll of fear
 e - 13 scrolls of identify
 n - 3 scrolls of enchant weapon
 o - a scroll of torment
 p - a scroll of teleportation
 t - 3 scrolls of magic mapping
 u - 9 scrolls of remove curse
 H - 4 scrolls of amnesia
 L - 3 scrolls of holy word
 N - a scroll of acquirement
Potions
 f - a potion of might
 h - 4 potions of haste
 l - 2 potions of curing
 s - 2 potions of flight
 v - a potion of brilliance
 z - 4 potions of mutation
 A - a potion of agility
Comestibles
 k - 7 rations


   Skills:
 + Level 13.5 Fighting
 + Level 15.9 Long Blades
 - Level 2.1 Throwing
 + Level 12.6 Armour
 + Level 10.2 Dodging
 + Level 12.0 Shields
 + Level 1.8 Evocations


You had 13 spell levels left.
You didn't know any spells.
Your spell library contained the following spells:

 Spells                   Type           Power        Failure   Level  Hunger
 Confusing Touch          Hex            #.....       58%         1    ##.....
 Magic Dart               Conj           #...         58%         1    ##.....
 Sandblast                Erth           #.....       58%         1    ##.....
 Ensorcelled Hibernation  Hex/Ice        #.....       75%         2    ###....
 Passwall                 Tmut/Erth      #.......     75%         2    ###....
 Poisonous Vapours        Pois/Air       #.....       75%         2    ###....
 Searing Ray              Conj           #.....       75%         2    ###....
 Confuse                  Hex            #.......     92%         3    ####...
 Conjure Flame            Conj/Fire      #.......     92%         3    ####...
 Dazzling Spray           Conj/Hex       #.....       92%         3    ####...
 Gell's Gravitas          Tloc           #.........   92%         3    ####...
 Mephitic Cloud           Conj/Pois/Air  #.......     92%         3    ####...
 Stone Arrow              Conj/Erth      #.....       92%         3    ####...
 Force Lance              Conj/Tloc      #.......     100%        4    #####..
 Fulminant Prism          Conj/Hex       #.........   100%        4    #####..
 Iskenderun's Mystic Bla  Conj           #.......     100%        4    #####..
 Petrify                  Tmut/Erth      #.......     100%        4    #####..
 Borgnjor's Vile Clutch   Necr/Erth      #.........   100%        5    ######.
 Lee's Rapid Deconstruct  Erth           #.........   100%        5    ######.
 Metabolic Englaciation   Hex/Ice        #.........   100%        5    ######.
 Silence                  Hex/Air        #.........   100%        5    ######.
 Yara's Violent Unravell  Hex/Tmut       #.........   100%        5    ######.
 Darkness                 Hex            #.........   100%        6    #######
 Freezing Cloud           Conj/Ice/Air   #.........   100%        6    #######
 Shadow Creatures         Summ           N/A          100%        6    #######
 Ring of Flames           Chrm/Fire      #.........   100%        7    #######


Dungeon Overview and Level Annotations

Branches:
Dungeon (9/15)             Temple (0/1) D:6            Lair (6/6) D:9
  Swamp (1/4) Lair:3        Snake (0/4) Lair:2        Slime (1/5) Lair:6
    Orc: D:9-12

Altars:
Ashenzari
Kikubaaqudgha
Nemelex Xobeh
Okawaru
Xom
Jiyva

Shops:
D:4 [?


Innate Abilities, Weirdness & Mutations

You reflexively headbutt those who attack you in melee.
You have a pair of horns on your head.
You are partially covered in slimy green scales. (AC +2)
You possess an exceptional clarity of mind.
Your body sometimes deteriorates upon taking damage.


Message History

You block the harpoon shot.
The storm dragon breathes lightning at you.
The bolt of lightning misses you.
The tree smoulders and burns.
The swamp worm completely misses you. You furiously retaliate!
You headbutt the swamp worm!
Your surroundings suddenly seem different.
Splash!
You fall into the shallow water.
Moving in this stuff is going to be slow.
You now have 1488 gold pieces (gained 12).
You feel very buoyant.
You fly up into the air.
The swamp worm throws harpoon shot at you.
The harpoon shot hits you!
* * * LOW HITPOINT WARNING * * *
You are yanked forward by the harpoon shot.
The swamp worm bites you but does no damage.
You block the swamp worm's attack. The swamp worm bites you!
You die...

♣♣♣♣♣♣♣♣♣
♣♣♣♣♣♣♣♣♣♣♣≈.>≈≈≈≈♣♣♣♣♣♣
♣♣♣♣.≈.♣≈..♣♣≈≈≈≈≈≈≈≈....≈♣
♣≈...≈.≈≈..♣♣.≈≈≈≈≈≈≈≈≈≈..♣♣♣
♣......♣♣♣≈♣♣≈@≈≈.....≈≈≈..≈♣
♣♣♣.≈≈..≈♣ ♣♣♣♣♣.w.......≈....♣♣
♣≈.≈≈≈.♣♣♣♣♣♣♣..≈≈.......≈≈/..$♣♣
.....≈♣♣ ♣§♣≈..≈≈.≈♣♣♣≈..≈.♣♣♣≈.
≈...♣♣♣♣♣♣♣.......♣♣.≈♣≈§♣♣≈≈../≈
§≈≈.≈...♣♣..≈w.≈♣♣♣.≈≈.........≈≈
≈≈≈...≈≈.♣..≈≈.♣♣ ♣≈≈≈≈....≈≈≈≈≈≈
≈≈≈..≈≈≈≈♣♣.≈≈.♣♣♣♣≈≈≈≈≈≈≈≈≈≈≈≈≈≈
..♣♣♣..≈.♣♣.....w...≈≈≈.≈≈≈≈♣♣≈≈≈


You could see 2 swamp worms.

Vanquished Creatures
  A storm dragon (Lair:6)
  Gastronok (Lair:1)
  An emperor scorpion (Lair:6)
  The ghost of lis82 the Eclecticist, a journeyman DgAE (Lair:5)
  A dire elephant (Lair:1)
  The ghost of P0WERM0DE the Cleaver, a journeyman DsFi of Uskayaw (Lair:6)
  2 hydras
  4 catoblepae
  18 death yaks
  3 elephants (Lair:3)
  5 black mambas
  2 manticores (Lair:6)
  8 spiny frogs
  6 komodo dragons
  A rime drake (Lair:6)
  A polar bear (Lair:5)
  A queen bee (D:8)
  A hornet (Swamp:1)
  Prince Ribbit (D:6)
  2 slime creatures (Swamp:1)
  8 dream sheep (Lair:6)
  9 hippogriffs
  17 yaks
  A spriggan (Swamp:1)
  A shadow (Swamp:1)
  2 basilisks (Lair:5)
  A wyvern (D:8)
  6 vampire mosquitoes (Swamp:1)
  2 hungry ghosts
  3 nagas (Lair:2)
  3 swamp worms (Swamp:1)
  14 water moccasins
  10 porcupines
  3 black bears (D:6)
  3 ice beasts
  A spectral hornet (D:9)
  5 ogres
  3 orc warriors
  12 wolves
  2 centaurs
  12 crocodiles
  An elf zombie (D:5)
  16 bullfrogs
  2 elf skeletons (D:5)
  A wyvern skeleton (D:9)
  A scorpion (Lair:2)
  20 killer bees
  3 wights (D:8)
  2 howler monkeys
  3 crimson imps
  6 hounds
  3 human zombies
  2 quasits (D:8)
  10 orc priests
  4 jellies
  2 bullfrog skeletons
  2 centaur skeletons
  Ijyb (D:4)
  Natasha (D:4)
  2 iguanas (D:4)
  5 orc wizards
  6 worker ants
  3 big kobold zombies (Ossuary)
  6 hound zombies
  3 mummies (Ossuary)
  Robin (D:4)
  A worker ant zombie (D:7)
  4 gnolls (D:2)
  12 adders
  3 shadow imps
  An ooze (D:5)
  3 adder skeletons
  3 adder zombies
  5 worms
  2 dart slugs (D:1)
  7 leopard geckos
  27 orcs
  7 bats
  4 giant cockroaches
  11 goblins
  12 hobgoblins
  9 jackals (D:1)
  5 quokkas
  2 ball pythons (D:1)
  4 frilled lizards
  4 goblin zombies (Ossuary)
  5 hobgoblin zombies (Ossuary)
  A jackal skeleton (D:5)
  3 jackal zombies (Ossuary)
  5 kobolds
  4 kobold zombies (Ossuary)
  An orc skeleton (D:5)
  2 orc zombies (Ossuary)
  2 quokka zombies (Ossuary)
  7 rats
  5 rat zombies (Ossuary)
  A fungus (Lair:3)
  A plant (Lair:6)
448 creatures vanquished.

Vanquished Creatures (others)
  5 dream sheep (Lair:6)
  8 fungi
  16 plants
29 creatures vanquished.

Grand Total: 477 creatures vanquished

Notes
Turn   | Place    | Note
-------+----------+-------------------------------------------
     0 | D:1      | Gaplan the Minotaur Gladiator began the quest for the Orb.
     0 | D:1      | Reached XP level 1. HP: 18/18 MP: 0/0
   206 | D:1      | Reached skill level 4 in Long Blades
   206 | D:1      | Reached XP level 2. HP: 23/25 MP: 1/1
   537 | D:1      | Reached XP level 3. HP: 26/30 MP: 2/2
   688 | D:1      | Found a sparkling altar of Nemelex Xobeh.
   766 | D:1      | Reached skill level 1 in Armour
  1308 | D:2      | Reached XP level 4. HP: 31/37 MP: 3/3
  1318 | D:2      | Reached skill level 5 in Long Blades
  1710 | D:2      | You fall through a shaft for 2 floors!
  1710 | D:4      | Noticed an ogre
  1957 | D:3      | Reached XP level 5. HP: 34/45 MP: 4/4
  3269 | D:4      | Found a shattered altar of Ashenzari.
  3291 | D:4      | Reached skill level 6 in Long Blades
  3331 | D:4      | Reached XP level 6. HP: 11/51 MP: 5/5
  3696 | D:4      | Noticed Robin
  3697 | D:4      | Reached skill level 7 in Long Blades
  3703 | D:4      | Killed Robin
  4060 | D:4      | Found Unloacyg's Magic Scroll Shoppe.
  4636 | D:4      | Bought a scroll of torment for 82 gold pieces
  4636 | D:4      | Bought a scroll of teleportation for 33 gold pieces
  4636 | D:4      | Bought a scroll of teleportation for 33 gold pieces
  4636 | D:4      | Bought a scroll of teleportation for 33 gold pieces
  4978 | D:4      | Noticed Ijyb
  5005 | D:4      | Killed Ijyb
  5005 | D:4      | Reached XP level 7. HP: 39/59 MP: 6/6
  5636 | D:4      | Found Ecvugidgh's Armour Shoppe.
  5654 | D:4      | Noticed Natasha
  5657 | D:4      | Killed Natasha
  5774 | D:5      | Entered Level 5 of the Dungeon
  6025 | D:5      | Reached skill level 8 in Long Blades
  6064 | D:5      | Found a sand-covered staircase.
  6412 | D:5      | Reached skill level 5 in Fighting
  6420 | D:5      | Reached skill level 5 in Armour
  6420 | D:5      | Reached XP level 8. HP: 68/68 MP: 7/7
  6433 | Ossuary  | Entered an ossuary
  6700 | Ossuary  | Reached skill level 9 in Long Blades
  6770 | Ossuary  | Gained mutation: You possess an exceptional clarity of
                  | mind. [potion of mutation]
  6770 | Ossuary  | Gained mutation: Your body sometimes deteriorates upon
                  | taking damage. [potion of mutation]
  6770 | Ossuary  | Gained mutation: You are partially covered in slimy green
                  | scales. (AC +2) [potion of mutation]
  6955 | D:5      | Reached skill level 5 in Dodging
  7475 | D:5      | Reached skill level 10 in Long Blades
  7626 | D:5      | Found an ancient bone altar of Kikubaaqudgha.
  7951 | D:6      | Noticed Prince Ribbit
  7961 | D:6      | Killed Prince Ribbit
  7961 | D:6      | Reached XP level 9. HP: 75/78 MP: 8/8
  8250 | D:6      | Reached skill level 11 in Long Blades
  8496 | D:6      | Found a staircase to the Ecumenical Temple.
  9165 | D:7      | Found an iron altar of Okawaru.
  9197 | D:7      | Became a worshipper of Warmaster Okawaru
  9838 | D:8      | Reached skill level 1 in Shields
  9886 | D:8      | Noticed a queen bee
  9898 | D:8      | Killed a queen bee
  9898 | D:8      | Reached skill level 12 in Long Blades
 10326 | D:8      | Reached * piety under Okawaru
 10326 | D:8      | Reached XP level 10. HP: 52/86 MP: 9/9
 11706 | D:9      | Reached ** piety under Okawaru
 11865 | D:9      | Paralysed by fainting for 5 turns
 12767 | D:9      | Found a staircase to the Lair.
 12802 | D:9      | Reached skill level 5 in Shields
 12953 | Lair:1   | Entered Level 1 of the Lair of Beasts
 12974 | Lair:1   | Noticed a spiny frog
 12983 | Lair:1   | Killed a spiny frog
 13062 | Lair:1   | Noticed a black mamba
 13068 | Lair:1   | Killed a black mamba
 13068 | Lair:1   | Reached skill level 13 in Long Blades
 13387 | Lair:1   | Noticed a spiny frog
 13391 | Lair:1   | Killed a spiny frog
 13391 | Lair:1   | Reached *** piety under Okawaru
 13514 | Lair:1   | Noticed a spiny frog
 13529 | Lair:1   | Killed a spiny frog
 13529 | Lair:1   | Reached XP level 11. HP: 58/95 MP: 10/10
 14021 | Lair:1   | Noticed a six-headed hydra
 14033 | Lair:1   | Noticed a dire elephant
 14033 | Lair:1   | a six-headed hydra changed into a dire elephant
 14050 | Lair:1   | Killed a dire elephant
 14050 | Lair:1   | Reached **** piety under Okawaru
 14865 | Lair:1   | Reached skill level 10 in Armour
 14865 | Lair:1   | Reached skill level 1 in Evocations
 15028 | Lair:1   | Noticed Gastronok
 15045 | Lair:1   | Killed Gastronok
 15045 | Lair:1   | Reached ***** piety under Okawaru
 15045 | Lair:1   | Reached skill level 14 in Long Blades
 15543 | Lair:2   | Found a staircase to the Snake Pit.
 16173 | Lair:2   | Reached skill level 10 in Fighting
 16599 | Lair:3   | Noticed a six-headed hydra
 16652 | Lair:3   | Found a staircase to the Swamp.
 16673 | Lair:3   | HP: 4/99 [poisoned by a spiny frog]
 16677 | Lair:3   | Reached XP level 12. HP: 10/106 MP: 5/11
 17088 | Lair:3   | Received a gift from Okawaru
 17257 | Lair:3   | Killed a 12-headed hydra
 18234 | Lair:4   | Noticed a catoblepas
 18259 | Lair:4   | Killed a catoblepas
 18752 | Lair:5   | Noticed lis82's ghost (journeyman DgAE)
 18755 | Lair:5   | Found a runed door.
 18798 | Lair:5   | Killed lis82's ghost
 18798 | Lair:5   | Received a gift from Okawaru
 19379 | Lair:5   | Noticed a death yak
 19379 | Lair:5   | Noticed a death yak
 19379 | Lair:5   | Noticed a death yak
 19379 | Lair:5   | Noticed a death yak
 19379 | Lair:5   | Noticed a death yak
 19379 | Lair:5   | Noticed a death yak
 19417 | Lair:4   | Killed a death yak
 20075 | Lair:5   | Killed a death yak
 20075 | Lair:5   | Reached skill level 15 in Long Blades
 20297 | Lair:4   | Killed a death yak
 20297 | Lair:4   | Reached skill level 10 in Shields
 20577 | Lair:4   | Killed a death yak
 20791 | Lair:5   | Killed a death yak
 20800 | Lair:5   | Killed a death yak
 20988 | Lair:6   | Entered Level 6 of the Lair of Beasts
 20988 | Lair:6   | Found a viscous altar of Jiyva.
 21005 | Lair:6   | Noticed a death yak
 21012 | Lair:6   | Noticed a death yak
 21014 | Lair:6   | Noticed a death yak
 21014 | Lair:6   | Noticed a death yak
 21015 | Lair:6   | Noticed a death yak
 21016 | Lair:6   | Noticed a death yak
 21037 | Lair:5   | Killed a death yak
 21037 | Lair:5   | Reached XP level 13. HP: 39/118 MP: 13/13
 21379 | Lair:6   | Found a staircase to the Slime Pits.
 22438 | Lair:6   | Noticed an emperor scorpion
 22438 | Lair:6   | a 16-headed hydra changed into an emperor scorpion
 22465 | Lair:6   | Killed an emperor scorpion
 22465 | Lair:6   | Received a gift from Okawaru
 22814 | Lair:6   | Noticed a storm dragon
 22814 | Lair:6   | a seven-headed hydra changed into a storm dragon
 22840 | Lair:6   | Killed a storm dragon
 23077 | Lair:6   | Found a runed door.
 23077 | Lair:6   | Noticed P0WERM0DE's ghost (journeyman DsFi)
 23387 | Lair:6   | Found a shimmering altar of Xom.
 23607 | Lair:6   | Reached ****** piety under Okawaru
 23741 | Lair:6   | Received a gift from Okawaru
 25357 | Lair:6   | Reached skill level 10 in Dodging
 25398 | Lair:6   | Received a gift from Okawaru
 25899 | Lair:6   | Killed P0WERM0DE's ghost
 25899 | Lair:6   | Reached XP level 14. HP: 70/129 MP: 14/14
 26117 | Slime:1  | Entered Level 1 of the Pits of Slime
 26117 | Slime:1  | Noticed an acid blob
 26261 | Swamp:1  | Entered Level 1 of the Swamp
 26625 | Swamp:1  | HP: 5/129 [spriggan rider/spear (4)]
 26626 | Swamp:1  | Identified 2 scrolls of acquirement
 26667 | Swamp:1  | Noticed a storm dragon
 26667 | Swamp:1  | an 11-headed hydra changed into a storm dragon
 26716 | Swamp:1  | Slain by a swamp worm

Skill      XL: |  1  2  3  4  5  6  7  8  9 10 11 12 13 14 |
---------------+-------------------------------------------+-----
Long Blades    | 4 5 6 7 8 10 12 13 14 15 | 15.9
Armour         | 1 2 3 5 6 8 9 10 11 12 | 12.6
Dodging        | 4 5 6 7 8 10 | 10.2
Fighting       | 3 4 5 6 7 8 10 12 13 | 13.5
Shields        | 2 5 8 10 11 12 | 12.0
Evocations     | 1 |  1.8
Throwing       | |  2.1

Action                   |  1- 3 |  4- 6 |  7- 9 | 10-12 | 13-15 || total
-------------------------+-------+-------+-------+-------+-------++-------
Melee: Long sword        |    69 |   194 |   347 |   716 |   435 ||  1761
       Headbutt          |    11 |    41 |    87 |   186 |   175 ||   500
       Falchion          |       |       |       |       |     7 ||     7
Invok: Heroism           |       |       |       |     3 |     2 ||     5
       Finesse           |       |       |       |       |     2 ||     2
Evoke: Wand              |       |       |     4 |     6 |     4 ||    14
  Use: Scroll            |       |     8 |     3 |    13 |    18 ||    42
       Potion            |       |       |    14 |     5 |     9 ||    28
 Stab: Petrified         |       |       |       |       |     9 ||     9
  Eat: Chunk             |     1 |     9 |     3 |    14 |     5 ||    32
       Ration            |       |     1 |     5 |     6 |     4 ||    16
Armor: Leather armour    |    11 |       |       |       |       ||    11
       Ring mail         |    10 |     8 |       |    24 |   163 ||   205
       Scale mail        |       |    62 |   155 |   188 |       ||   405
Dodge: Dodged            |    66 |    96 |   209 |   264 |   268 ||   903
Block: Shield            |       |       |    44 |   320 |       ||   364
       Buckler           |       |       |       |    31 |   177 ||   208
       Rpst.: Long sword |    13 |    28 |    60 |    73 |    56 ||   230
